 Dungeon Crawl Stone Soup version 0.15-a0-1579-gd26fec2 (console) character file.

1591 Money the Cleaver (level 8, -1/62 HPs)
             Began as a Minotaur Gladiator on June 19, 2014.
             Slain by bronies4ever's ghost (18 damage)
             ... on Level 6 of the Dungeon.
             The game lasted 00:14:32 (2630 turns).

Money the Cleaver (Minotaur Gladiator)              Turns: 2630, Time: 00:14:32

HP  -1/62        AC 12     Str 22      XL: 8   Next: 61%
MP   3/3         EV  7     Int  5      God:
Gold 205         SH  0     Dex 11      Spells:  0 memorised,  7 levels left

rFire  . . .     SeeInvis .     r - +2 hand axe (distort) (curse)
rCold  . . .     Clarity  .     F - +0 chain mail
rNeg   . . .     rCorr    .     (no shield)
rPois  .         rRot     .     c - +0 hat
rElec  .         Spirit   .     z - +0 cloak
SustAb .         Warding  .     (no gloves)
rMut   .         Stasis   +     (no boots)
Gourm  .                        w - amulet of stasis
MR     .....                    y - +3 ring of slaying
                                v - +3 ring of protection

@: not resistant to hostile enchantments, extremely unstealthy
A: retaliatory headbutt, horns 2
a: no special abilities


You were on level 6 of the Dungeon.
You were not hungry.

You visited 1 branch of the dungeon, and saw 6 of its levels.
You also visited: Sewer.

You collected 205 gold pieces.

Inventory:

Hand weapons
 a - a +0 war axe
 j - a +0 blowgun
 r - a cursed +2 hand axe of distortion (weapon)
 B - a +0 war axe
Missiles
 d - 2 throwing nets (quivered)
Armour
 c - a +0 hat (worn)
 z - a +0 cloak (worn)
 A - a +0 ring mail
 D - a +0 scale mail
 F - a +0 chain mail (worn)
Comestibles
 b - a beef jerky
 f - 3 bread rations
 g - 2 meat rations
 t - a slice of pizza
 x - a rotting chunk of orc flesh
Scrolls
 e - a scroll of enchant armour {unknown}
 h - 3 scrolls of remove curse
 i - a scroll of enchant weapon {unknown}
 n - 2 scrolls of blinking {unknown}
 p - 4 scrolls of noise {unknown}
 C - a scroll of immolation {unknown}
 E - a scroll of random uselessness {unknown}
Jewellery
 m - an uncursed ring of fire
 v - a +3 ring of protection (left hand)
 w - an amulet of stasis (around neck)
 y - a +3 ring of slaying (right hand)
Potions
 k - a potion of curing
 l - 3 potions of poison {unknown}
 o - a potion of cure mutation
 q - 2 potions of heal wounds
 s - 2 potions of flight {unknown}
 u - a potion of resistance


   Skills:
 - Level 2.4 Fighting
 + Level 13.0 Axes
 - Level 2.0 Throwing
 - Level 3.2 Dodging


You had 7 spell levels left.
You didn't know any spells.

Dungeon Overview and Level Annotations

Branches:
Dungeon (6/15)
 Temple: D:4-7

Altars:
Elyvilon
Nemelex Xobeh
Qazlal

Annotations:
D:6 bronies4ever's ghost, experienced OgBe


Innate Abilities, Weirdness & Mutations

You reflexively headbutt those who attack you in melee.
You have a pair of horns on your head.


Message History

Bronies4ever's ghost blinks!
You climb upwards.
There is a stone staircase leading down here.
Wear which item? (? for menu, Esc to quit)
You start removing your armour.
You continue taking off your +0 scale mail. x6
You finish taking off your +0 scale mail.
You start putting on your armour.
You continue putting on your chain mail. x3
You smell something rotten. (slot x)
You continue putting on your chain mail. x5
You finish putting on your +0 chain mail.
You climb downwards.
Level annotation: bronies4ever's ghost, experienced OgBe Bronies4ever's ghost hits you but does no damage.
There is a stone staircase leading up here.
You closely miss bronies4ever's ghost.
Bronies4ever's ghost is heavily damaged.
Bronies4ever's ghost hits you!!
You die...

.....
#####♣♣♣.♣......#
..... ♣♣♣♣♣##.## #....
#%# ##...#########
##.# #............##
#..# ..............##
#.## ......(........##
##)#
................###.)#
...........[...W@##)##
.................<..#
...........)....<####
................##
...............##
..............##
#.......≈≈...##
##....#.♣≈≈.##
#....###♣≈≈.#


You could see bronies4ever's ghost.

Vanquished Creatures
  Grinder (D:4)
  The ghost of Money the Insei, an average DrMo (Sewer)
  Menkaure (D:4)
  An orc warrior (D:6)
  A centaur (D:5)
  2 big kobolds
  6 killer bees (D:5)
  A big fish (Sewer)
  Crazy Yiuf (D:6)
  An orc priest (D:4)
  A worker ant (D:5)
  An iguana (D:4)
  6 orc wizards
  An ogre zombie (D:6)
  3 adders
  2 green rats
  An inept feature mimic (D:2)
  A worm (D:3)
  3 giant geckos
  27 orcs
  2 ball pythons (D:5)
  12 bats
  3 giant cockroaches
  4 goblins
  8 hobgoblins
  13 jackals
  19 kobolds
  2 quokkas
  5 giant newts
  A kobold skeleton (D:5)
  11 rats
142 creatures vanquished.

Vanquished Creatures (others)
  A big fish (D:5)
  2 orc wizards (D:4)
  An adder (D:3)
  A worm (D:4)
  A hobgoblin (D:5)
6 creatures vanquished.

Grand Total: 148 creatures vanquished

Notes
Turn   | Place    | Note
--------------------------------------------------------------
     0 | D:1      | Money, the Minotaur Gladiator, began the quest for the Orb.
     0 | D:1      | Reached XP level 1. HP: 18/18 MP: 1/1
    65 | D:1      | Reached skill level 4 in Axes
   101 | D:1      | Reached XP level 2. HP: 22/25 MP: 1/1
   264 | D:2      | Reached skill level 5 in Axes
   264 | D:2      | Reached XP level 3. HP: 25/30 MP: 2/2
   461 | D:2      | Reached skill level 6 in Axes
   461 | D:2      | Reached XP level 4. HP: 3/37 MP: 2/2
   470 | D:2      | HP: 1/37 [poisoned by an orc]
  1077 | D:4      | Reached XP level 5. HP: 34/42 MP: 2/2
  1095 | D:4      | Noticed Grinder
  1103 | D:4      | Paralysed by Grinder for 7 turns
  1127 | D:4      | Paralysed by Grinder for 7 turns
  1146 | D:4      | Killed Grinder
  1146 | D:4      | Reached skill level 8 in Axes
  1146 | D:4      | Reached XP level 6. HP: 9/50 MP: 3/3
  1228 | D:4      | Reached skill level 9 in Axes
  1260 | D:4      | Noticed Menkaure
  1270 | D:4      | Killed Menkaure
  1270 | D:4      | Reached XP level 7. HP: 22/56 MP: 3/3
  1353 | D:4      | Reached skill level 10 in Axes
  1387 | D:4      | Found a stormy altar of Qazlal.
  1530 | D:5      | Entered Level 5 of the Dungeon
  1641 | D:5      | Found a white marble altar of Elyvilon.
  1808 | D:5      | Reached skill level 11 in Axes
  1824 | D:5      | Reached XP level 8. HP: 13/62 MP: 3/3
  1867 | D:5      | Found a glowing drain.
  1900 | Sewer    | Entered a sewer
  1912 | Sewer    | HP: 3/62 [green rat (6)]
  2018 | Sewer    | Noticed Money's ghost (average DrMo)
  2079 | Sewer    | Killed Money's ghost
  2079 | Sewer    | Reached skill level 12 in Axes
  2090 | Sewer    | Found a white marble altar of Elyvilon.
  2212 | D:5      | Found a sparkling altar of Nemelex Xobeh.
  2358 | D:6      | Noticed Crazy Yiuf
  2443 | D:6      | Noticed bronies4ever's ghost (experienced OgBe)
  2486 | D:6      | Killed Crazy Yiuf
  2521 | D:6      | Reached skill level 13 in Axes
  2630 | D:6      | Slain by bronies4ever's ghost

Action                   |  1- 3 |  4- 6 |  7- 9 || total
-------------------------+-------+-------+-------++-------
Melee: War axe           |    60 |    22 |       ||    82
       Hand axe          |       |    56 |   157 ||   213
Throw: Throwing net      |     2 |     1 |     3 ||     6
  Use: Scroll            |       |     4 |     1 ||     5
       Potion            |       |       |     3 ||     3
 Stab: Held in net/web   |     1 |       |     1 ||     2
